MLB
BALTIMORE ORIOLES @ NEW YORK (N) METS
06/18/2041
 
TOP OF THE 1ST
Baltimore Orioles batting - Pitching for New York (N) Mets : LHP Mario Cruz
Pitching: LHP Mario Cruz
Batting: RHB Freddy Hernández 0-0: Foul Ball, location: 2LF
0-1: Ball
1-1: Ball
2-1: Ball
3-1: Base on Balls
Batting: RHB Mikolas Polansky 0-0: Ball
1-0: Fly out, F7 (Flyball, 7D, EV 104.4 MPH)
Batting: LHB Juan Jose Cabrera 0-0: Foul Ball, location: 23F
0-1: Ball
1-1: 2-RUN HOME RUN (Flyball, 78XD, EV 98.1 MPH), Distance : 379 ft
Batting: RHB Kratukarana Multani 0-0: Called Strike
0-1: Called Strike
0-2: Foul Ball, location: 3FF
0-2: Foul Ball, location: 5F
0-2: Foul Ball, location: 2F
0-2: Strikes out swinging
Batting: LHB Samad Beybukov 0-0: Foul Ball, location: 5FF
0-1: Ball
1-1: Foul Ball, location: 5FF
1-2: Ball
2-2: Foul Ball, location: 7LSF
2-2: Foul Ball, location: 7LMF
2-2: DOUBLE (Line Drive, 8RD, EV 97.5 MPH)
Batting: RHB Tommy Reyna 0-0: Ball
1-0: Fly out, F9 (Flyball, 9D, EV 86.9 MPH)
Top of the 1st over - 2 runs, 2 hits, 0 errors, 1 left on base; Baltimore 2 - New York (N) 0
BOTTOM OF THE 1ST
New York (N) Mets batting - Pitching for Baltimore Orioles : RHP Joe Davis
Pitching: RHP Joe Davis
Batting: SHB Dave Coffman 0-0: Foul Ball, location: 7LDF
0-1: Ball
1-1: Ground out U3 (Groundball, 34S, EV 93.1 MPH)
Batting: LHB José González 0-0: Foul Ball, location: 23F
0-1: Ball
1-1: Ball
2-1: Ball
3-1: Fly out, F9 (Line Drive, 9, EV 103.1 MPH)
Batting: LHB Danny Kerr 0-0: Ball
1-0: Ball
2-0: Ball
3-0: Base on Balls
Batting: LHB Joel Wright 0-0: Called Strike
0-1: Called Strike
0-2: Foul Ball, location: 3DF
0-2: Ball
1-2: Strikes out swinging
Bottom of the 1st over - 0 runs, 0 hits, 0 errors, 1 left on base; Baltimore 2 - New York (N) 0
TOP OF THE 2ND
Baltimore Orioles batting - Pitching for New York (N) Mets : LHP Mario Cruz
Batting: RHB Cedric Powers 0-0: Ball
1-0: Ball
2-0: Called Strike
2-1: Ball
3-1: Called Strike
3-2: Strikes out looking
Batting: RHB Remigio Aguilar 0-0: Called Strike
0-1: Foul Ball, location: 9LMF
0-2: SINGLE (Line Drive, 6D, EV 98.1 MPH)
Batting: LHB Greg Martin 0-0: Ball
1-0: Grounds into double play, 4-6-3 (Groundball, 34, EV 91.3 MPH)
Top of the 2nd over - 0 runs, 1 hit, 0 errors, 0 left on base; Baltimore 2 - New York (N) 0
BOTTOM OF THE 2ND
New York (N) Mets batting - Pitching for Baltimore Orioles : RHP Joe Davis
Batting: RHB Ottavio Attene 0-0: Ball
1-0: Ball
2-0: SOLO HOME RUN (Flyball, 7D, EV 101.9 MPH), Distance : 387 ft
Batting: LHB Jim Bond 0-0: Foul Ball, location: 5F
0-1: Swinging Strike
0-2: Ball
1-2: Strikes out looking
Batting: LHB Isaac Miller 0-0: Called Strike
0-1: Called Strike
0-2: Strikes out swinging
Batting: RHB Steve Robinson 0-0: Ball
1-0: Ball
2-0: Called Strike
2-1: Ball
3-1: Foul Ball, location: 9LSF
3-2: Fly out, F7 (Flyball, 78M, EV 91.3 MPH)
Bottom of the 2nd over - 1 run, 1 hit, 0 errors, 0 left on base; Baltimore 2 - New York (N) 1
TOP OF THE 3RD
Baltimore Orioles batting - Pitching for New York (N) Mets : LHP Mario Cruz
Batting: RHB Freddy Hernández 0-0: Ground out 3-1 (Groundball, 34, EV 101.9 MPH)
Batting: RHB Mikolas Polansky 0-0: Foul Ball, location: 9LDF
0-1: Swinging Strike
0-2: Ball
1-2: Strikes out swinging
Batting: LHB Juan Jose Cabrera 0-0: Foul Ball, location: 7LMF
0-1: Ball
1-1: Fly out, F7 (Flyball, 7LM, EV 93.1 MPH)
Top of the 3rd over - 0 runs, 0 hits, 0 errors, 0 left on base; Baltimore 2 - New York (N) 1
BOTTOM OF THE 3RD
New York (N) Mets batting - Pitching for Baltimore Orioles : RHP Joe Davis
Batting: SHB Alfredo Vega 0-0: Fly out, F7 (Flyball, 78M, EV 93.1 MPH)
Batting: SHB Dave Coffman 0-0: Ball
1-0: Called Strike
1-1: Ball
2-1: Fly out, F8 (Flyball, 78M, EV 86.3 MPH)
Batting: LHB José González 0-0: Called Strike
0-1: Ball
1-1: Ball
2-1: Foul Ball, location: 2F
2-2: Ball
3-2: Strikes out swinging
Bottom of the 3rd over - 0 runs, 0 hits, 0 errors, 0 left on base; Baltimore 2 - New York (N) 1
TOP OF THE 4TH
Baltimore Orioles batting - Pitching for New York (N) Mets : LHP Mario Cruz
Batting: RHB Kratukarana Multani 0-0: Ball
1-0: Fly out, F9 (Flyball, 9, EV 100.6 MPH)
Batting: LHB Samad Beybukov 0-0: Ball
1-0: Ball
2-0: Foul Ball, location: 2F
2-1: SOLO HOME RUN (Flyball, 89XD, EV 109.4 MPH), Distance : 419 ft
Batting: RHB Tommy Reyna 0-0: Called Strike
0-1: Ball
1-1: Foul Ball, location: 2F
1-2: Strikes out swinging
Batting: RHB Cedric Powers 0-0: Ball
1-0: Ball
2-0: Fly out, F4 (Popup, 4, EV 60.6 MPH)
Top of the 4th over - 1 run, 1 hit, 0 errors, 0 left on base; Baltimore 3 - New York (N) 1
BOTTOM OF THE 4TH
New York (N) Mets batting - Pitching for Baltimore Orioles : RHP Joe Davis
Batting: LHB Danny Kerr 0-0: Called Strike
0-1: Ball
1-1: Ball
2-1: Ball
3-1: Called Strike
3-2: Foul Ball, location: 25F
3-2: Foul Ball, location: 7LMF
3-2: Base on Balls
Batting: LHB Joel Wright 0-0: Called Strike
0-1: Fly out, F8 (Flyball, 78M, EV 94.4 MPH)
Batting: RHB Ottavio Attene 0-0: Ball
Danny Kerr steals 2nd base
1-0: Foul Ball, location: 7LSF
1-1: Foul Ball, location: 2LF
1-2: Fly out, F7 (Flyball, 7LSF, EV 82.5 MPH)
Batting: LHB Jim Bond 0-0: Called Strike
0-1: Swinging Strike
0-2: Strikes out swinging
Bottom of the 4th over - 0 runs, 0 hits, 0 errors, 1 left on base; Baltimore 3 - New York (N) 1
TOP OF THE 5TH
Baltimore Orioles batting - Pitching for New York (N) Mets : LHP Mario Cruz
Batting: RHB Remigio Aguilar 0-0: Ball
1-0: TRIPLE (Flyball, 9LD, EV 93.1 MPH)
Batting: LHB Greg Martin 0-0: Foul Ball, location: 7LMF
0-1: Swinging Strike
0-2: Ball
1-2: Strikes out swinging
Batting: RHB Freddy Hernández 0-0: SINGLE (Groundball, 4MD, EV 83.1 MPH) (infield hit)
Remigio Aguilar scores
Batting: RHB Mikolas Polansky 0-0: Ball
1-0: Ball
2-0: Swinging Strike
2-1: Ball
3-1: Called Strike
3-2: Foul Ball, location: 2F
3-2: 2-RUN HOME RUN (Flyball, 7D, EV 98.1 MPH), Distance : 380 ft
Pitching: LHP Tim Treadway
Batting: LHB Juan Jose Cabrera 0-0: SINGLE (Line Drive, 5D, EV 96.9 MPH)
Batting: RHB Kratukarana Multani 0-0: Ball
1-0: Called Strike
1-1: Ball
Wild Pitch!
Juan Jose Cabrera to second
2-1: DOUBLE (Line Drive, 7LM, EV 102.5 MPH)
Juan Jose Cabrera scores
Batting: LHB Samad Beybukov 0-0: Ball
1-0: Foul Ball, location: 2F
1-1: Ball
2-1: Foul Ball, location: 5FF
2-2: Ground out U3 (Groundball, 34S, EV 79.4 MPH)
Kratukarana Multani to third
Batting: RHB Tommy Reyna 0-0: Ball
1-0: Ground out 6-3 (Groundball, 6, EV 85.0 MPH)
Top of the 5th over - 4 runs, 5 hits, 0 errors, 1 left on base; Baltimore 7 - New York (N) 1
BOTTOM OF THE 5TH
New York (N) Mets batting - Pitching for Baltimore Orioles : RHP Joe Davis
Batting: LHB Isaac Miller 0-0: Ball
1-0: Ball
2-0: Foul Ball, location: 9LSF
2-1: Ball
3-1: Foul Ball, location: 2F
3-2: Base on Balls
Batting: RHB Steve Robinson 0-0: Called Strike
0-1: Swinging Strike
0-2: Ball
1-2: Ball
2-2: Strikes out looking
Batting: SHB Alfredo Vega 0-0: Ball
Isaac Miller steals 2nd base
1-0: Called Strike
1-1: Ball
2-1: Swinging Strike
2-2: Strikes out swinging
Batting: SHB Dave Coffman 0-0: Called Strike
0-1: Ball
1-1: Swinging Strike
1-2: Ball
2-2: Ball
3-2: Foul Ball, location: 3SF
3-2: Base on Balls
Batting: LHB José González 0-0: Ball
1-0: SINGLE (Groundball, 23, EV 65.6 MPH) (infield hit)
Isaac Miller to third
Dave Coffman to second
Batting: LHB Danny Kerr 0-0: Ball
1-0: Called Strike
1-1: Foul Ball, location: 7LMF
1-2: Ball
2-2: Foul Ball, location: 7LMF
2-2: Ground out 4-3 (Groundball, 4S, EV 92.5 MPH)
Bottom of the 5th over - 0 runs, 1 hit, 0 errors, 3 left on base; Baltimore 7 - New York (N) 1
TOP OF THE 6TH
Baltimore Orioles batting - Pitching for New York (N) Mets : LHP Tim Treadway
Batting: RHB Cedric Powers 0-0: Ground out 6-3 (Groundball, P, EV 88.8 MPH)
Batting: RHB Remigio Aguilar 0-0: Foul Ball, location: 9LDF
0-1: Fly out, F4 (Popup, 4M, EV 69.4 MPH)
Batting: LHB Greg Martin 0-0: Called Strike
0-1: Called Strike
0-2: Ball
1-2: Foul Ball, location: 2F
1-2: Fly out, F7 (Line Drive, 7, EV 108.8 MPH)
Top of the 6th over - 0 runs, 0 hits, 0 errors, 0 left on base; Baltimore 7 - New York (N) 1
BOTTOM OF THE 6TH
New York (N) Mets batting - Pitching for Baltimore Orioles : RHP Joe Davis
Pitching: LHP Jorge Durán
Batting: LHB Joel Wright 0-0: Called Strike
0-1: Ground out 2-3 (Groundball, 15S, EV 70.0 MPH)
Batting: RHB Ottavio Attene 0-0: Ball
1-0: Called Strike
1-1: Foul Ball, location: 3DF
1-2: SINGLE (Groundball, 6S, EV 71.9 MPH) (infield hit)
Batting: LHB Jim Bond 0-0: Ball
Ottavio Attene steals 2nd base (no throw)
1-0: Foul Ball, location: 7LSF
1-1: Ball
2-1: Called Strike
2-2: Fly out, F9 (Flyball, 9S, EV 91.9 MPH)
Batting: LHB Isaac Miller 0-0: Called Strike
0-1: Ball
1-1: Swinging Strike
1-2: Foul Ball, location: 2F
1-2: Ball
2-2: Ball
3-2: Foul Ball, location: 2F
3-2: Fly out, F7 (Flyball, 7, EV 88.8 MPH)
Bottom of the 6th over - 0 runs, 1 hit, 0 errors, 1 left on base; Baltimore 7 - New York (N) 1
TOP OF THE 7TH
Baltimore Orioles batting - Pitching for New York (N) Mets : LHP Tim Treadway
Batting: RHB Freddy Hernández 0-0: Called Strike
0-1: Ball
1-1: Ball
2-1: Ball
3-1: Swinging Strike
3-2: Strikes out looking
Batting: RHB Mikolas Polansky 0-0: Called Strike
0-1: Called Strike
0-2: Fly out, F3 (Popup, 23F, EV 91.9 MPH)
Batting: LHB Juan Jose Cabrera 0-0: Called Strike
0-1: Swinging Strike
0-2: Strikes out swinging
Top of the 7th over - 0 runs, 0 hits, 0 errors, 0 left on base; Baltimore 7 - New York (N) 1
BOTTOM OF THE 7TH
New York (N) Mets batting - Pitching for Baltimore Orioles : LHP Jorge Durán
Batting: RHB Steve Robinson 0-0: Ball
1-0: Ball
2-0: Ball
3-0: Called Strike
3-1: Ground out 5-3 (Groundball, 56, EV 107.5 MPH)
Batting: SHB Alfredo Vega 0-0: Called Strike
0-1: Ball
1-1: Called Strike
1-2: Ball
2-2: Ground out 5-3 (Groundball, 56, EV 85.6 MPH)
Batting: SHB Dave Coffman 0-0: Swinging Strike
0-1: Ball
1-1: Ground out 5-3 (Groundball, 56, EV 82.5 MPH)
Bottom of the 7th over - 0 runs, 0 hits, 0 errors, 0 left on base; Baltimore 7 - New York (N) 1
TOP OF THE 8TH
Baltimore Orioles batting - Pitching for New York (N) Mets : LHP Tim Treadway
Batting: RHB Kratukarana Multani 0-0: Fly out, F9 (Flyball, 89M, EV 91.9 MPH)
Batting: LHB Samad Beybukov 0-0: Called Strike
0-1: Ball
1-1: Ball
2-1: Foul Ball, location: 5F
2-2: Strikes out swinging
Batting: RHB Tommy Reyna 0-0: SINGLE (Groundball, 15, EV 67.5 MPH) (infield hit)
Batting: RHB Cedric Powers 0-0: Ball
1-0: Ball
2-0: Ball
3-0: Called Strike
3-1: Base on Balls
Tommy Reyna to second
Batting: RHB Remigio Aguilar 0-0: Foul Ball, location: 23FF
0-1: Swinging Strike
0-2: Ground out 5-3 (Groundball, 56S, EV 88.1 MPH)
Top of the 8th over - 0 runs, 1 hit, 0 errors, 2 left on base; Baltimore 7 - New York (N) 1
BOTTOM OF THE 8TH
New York (N) Mets batting - Pitching for Baltimore Orioles : LHP Jorge Durán
Batting: LHB José González 0-0: Ball
1-0: Foul Ball, location: 3FF
1-1: Ball
2-1: Ball
3-1: Base on Balls
Batting: LHB Danny Kerr 0-0: Ball
1-0: Foul Ball, location: 2F
1-1: Foul Ball, location: 2F
1-2: Ball
2-2: Ball
3-2: Grounds into double play, 4-6-3 (Groundball, 4, EV 79.4 MPH)
Batting: LHB Joel Wright 0-0: Ground out 5-3 (Groundball, 15, EV 90.0 MPH)
Bottom of the 8th over - 0 runs, 0 hits, 0 errors, 0 left on base; Baltimore 7 - New York (N) 1
TOP OF THE 9TH
Baltimore Orioles batting - Pitching for New York (N) Mets : LHP Tim Treadway
Pitching: RHP Rubén Molina
Batting: LHB Greg Martin 0-0: Called Strike
0-1: Ground out 4-3 (Groundball, 4, EV 88.8 MPH)
Batting: RHB Freddy Hernández 0-0: Ball
1-0: Called Strike
1-1: SINGLE (Groundball, 6MD, EV 108.1 MPH)
Batting: RHB Mikolas Polansky 0-0: Grounds into double play, 6-4-3 (Groundball, 6, EV 101.9 MPH)
Top of the 9th over - 0 runs, 1 hit, 0 errors, 0 left on base; Baltimore 7 - New York (N) 1
BOTTOM OF THE 9TH
New York (N) Mets batting - Pitching for Baltimore Orioles : LHP Jorge Durán
Batting: RHB Ottavio Attene 0-0: Called Strike
0-1: Ball
1-1: Swinging Strike
1-2: Ball
2-2: Strikes out looking
Batting: LHB Jim Bond 0-0: Ball
1-0: Ball
2-0: Called Strike
2-1: Called Strike
2-2: Strikes out looking
Batting: LHB Isaac Miller 0-0: Ball
1-0: DOUBLE (Flyball, 89D, EV 96.9 MPH)
Batting: RHB Steve Robinson 0-0: Ground out 5-3 (Groundball, 56S, EV 70.6 MPH)
Bottom of the 9th over - 0 runs, 1 hit, 0 errors, 1 left on base; Baltimore 7 - New York (N) 1
Sunday, March 24th , 2024 - OOTP Baseball 24.10 Build 82